3AA
BILLINGS POLAR BEARS @ SQUIRREL HILL PIEROGIS
07/25/2042
 
TOP OF THE 1ST
Billings Polar Bears batting - Pitching for Squirrel Hill Pierogis : RHP Jesús Bruno
Pitching: RHP Jesús Bruno
Batting: RHB Edward Johnson 0-0: Ball
1-0: Foul Ball, location: 2F
1-1: Ball
2-1: Ground out 3-1 (Groundball, 34S, EV 80.6 MPH)
Batting: RHB Shalom Gestel 0-0: Ball
1-0: Foul Ball, location: 2F
1-1: SINGLE (Groundball, 6D, EV 108.1 MPH)
Batting: RHB Gary Panniers 0-0: Called Strike
0-1: Ball
1-1: Ball
2-1: Fly out, F9 (Line Drive, 9, EV 100.0 MPH)
Batting: RHB Rupert Bethune 0-0: SINGLE (Flyball, 4MD, EV 101.9 MPH)
Shalom Gestel to second
Runner from 2nd tries for 3rd, SAFE, no throw by CF
Batting: RHB Jose Reginalde 0-0: Called Strike
0-1: Ball
1-1: Ground out 6-3 (Groundball, 6, EV 92.5 MPH)
Top of the 1st over - 0 runs, 2 hits, 0 errors, 2 left on base; Billings 0 - Squirrel Hill 0
BOTTOM OF THE 1ST
Squirrel Hill Pierogis batting - Pitching for Billings Polar Bears : RHP Horiuchi Tanaka
Pitching: RHP Horiuchi Tanaka
Batting: LHB Luis Escribano 0-0: Ball
1-0: Ground out U3 (Groundball, 3, EV 105.0 MPH)
Batting: LHB Todd Hunter 0-0: Ball
1-0: Foul Ball, location: 2F
1-1: Called Strike
1-2: Ball
2-2: DOUBLE (Line Drive, 5D, EV 98.1 MPH)
Batting: SHB Aubrey Magee 0-0: Called Strike
0-1: Ground out 4-3 (Groundball, 4M, EV 106.9 MPH)
Todd Hunter to third
Batting: LHB George Runnalls 0-0: Ball
1-0: Ball
2-0: Ball
3-0: Base on Balls
Batting: RHB Franck Morel 0-0: Swinging Strike
0-1: Ball
1-1: Fly out, F8 (Line Drive, 8RM, EV 101.2 MPH)
Bottom of the 1st over - 0 runs, 1 hit, 0 errors, 2 left on base; Billings 0 - Squirrel Hill 0
TOP OF THE 2ND
Billings Polar Bears batting - Pitching for Squirrel Hill Pierogis : RHP Jesús Bruno
Batting: LHB Stanley Bell 0-0: Ball
1-0: Called Strike
1-1: SINGLE (Line Drive, 7S, EV 112.5 MPH)
Batting: RHB Pleun Vleugel 0-0: Ball
1-0: Fly out, F9 (Flyball, 9S, EV 92.5 MPH)
Batting: SHB Roy Maynard 0-0: Foul Ball, location: 2F
0-1: Foul Ball, location: 2F
0-2: Foul Ball, location: 2F
0-2: Ball
1-2: Ball
2-2: Strikes out swinging
Batting: RHB Kelly Johnson 0-0: Called Strike
0-1: Called Strike
0-2: Fly out, F4 (Popup, 4MD, EV 49.4 MPH)
Top of the 2nd over - 0 runs, 1 hit, 0 errors, 1 left on base; Billings 0 - Squirrel Hill 0
BOTTOM OF THE 2ND
Squirrel Hill Pierogis batting - Pitching for Billings Polar Bears : RHP Horiuchi Tanaka
Batting: RHB Ryan McCarty 0-0: Foul Ball, location: 2F
0-1: Ball
1-1: Ball
2-1: Ball
3-1: Ground out 6-3 (Groundball, 6, EV 86.2 MPH)
Batting: LHB Jang-lu Moy 0-0: SINGLE (Groundball, 4MD, EV 93.8 MPH)
Batting: RHB Ed Tinker 0-0: Ground out 6-3 (Groundball, 6, EV 88.1 MPH)
Jang-lu Moy to second
Batting: RHB Si-xun Jin 0-0: Foul Ball, location: 2F
0-1: Ball
1-1: Foul Ball, location: 2F
1-2: Ball
2-2: Ball
3-2: Fly out, F7 (Flyball, 78M, EV 83.1 MPH)
Bottom of the 2nd over - 0 runs, 1 hit, 0 errors, 1 left on base; Billings 0 - Squirrel Hill 0
TOP OF THE 3RD
Billings Polar Bears batting - Pitching for Squirrel Hill Pierogis : RHP Jesús Bruno
Batting: RHB Edward Johnson 0-0: Swinging Strike
0-1: Fly out, F8 (Line Drive, 8RD, EV 93.8 MPH)
Batting: RHB Shalom Gestel 0-0: Called Strike
0-1: Ball
1-1: Swinging Strike
1-2: Ball
2-2: Hit by Pitch
Batting: RHB Gary Panniers 0-0: Called Strike
0-1: Swinging Strike
0-2: Strikes out swinging
Batting: RHB Rupert Bethune 0-0: Ball
1-0: Fly out, F9 (Flyball, 9S, EV 91.2 MPH)
Top of the 3rd over - 0 runs, 0 hits, 0 errors, 1 left on base; Billings 0 - Squirrel Hill 0
BOTTOM OF THE 3RD
Squirrel Hill Pierogis batting - Pitching for Billings Polar Bears : RHP Horiuchi Tanaka
Batting: LHB Luis Escribano 0-0: Ball
1-0: Ball
2-0: Ball
3-0: Called Strike
3-1: Base on Balls
Batting: LHB Todd Hunter 0-0: Swinging Strike
0-1: Ball
1-1: Ball
2-1: Fly out, F8 (Flyball, 8RS, EV 88.1 MPH)
Batting: SHB Aubrey Magee 0-0: Called Strike
0-1: Called Strike
Luis Escribano steals 2nd base
0-2: Ball
1-2: Foul Ball, location: 2F
1-2: Strikes out looking
Batting: LHB George Runnalls 0-0: Ball
1-0: Ball
2-0: Foul Ball, location: 2F
2-1: Ball
3-1: Base on Balls
Batting: RHB Franck Morel 0-0: Ball
1-0: Ball
2-0: Ball
3-0: Base on Balls
Luis Escribano to third
George Runnalls to second
Batting: RHB Ryan McCarty 0-0: Swinging Strike
0-1: Ground out 1-3 (Groundball, 13S, EV 63.8 MPH)
Bottom of the 3rd over - 0 runs, 0 hits, 0 errors, 3 left on base; Billings 0 - Squirrel Hill 0
TOP OF THE 4TH
Billings Polar Bears batting - Pitching for Squirrel Hill Pierogis : RHP Jesús Bruno
Batting: RHB Jose Reginalde 0-0: Ball
1-0: Ball
2-0: Called Strike
2-1: Foul Ball, location: 2F
2-2: Ground out 1-3 (Groundball, 13S, EV 61.2 MPH)
Batting: LHB Stanley Bell 0-0: Called Strike
0-1: Foul Ball, location: 2F
0-2: Foul Ball, location: 2F
0-2: Foul Ball, location: 2F
0-2: Strikes out swinging
Batting: RHB Pleun Vleugel 0-0: Foul Ball, location: 2F
0-1: Fly out, F8 (Flyball, 8RS, EV 88.8 MPH)
Top of the 4th over - 0 runs, 0 hits, 0 errors, 0 left on base; Billings 0 - Squirrel Hill 0
BOTTOM OF THE 4TH
Squirrel Hill Pierogis batting - Pitching for Billings Polar Bears : RHP Horiuchi Tanaka
Batting: LHB Jang-lu Moy 0-0: Called Strike
0-1: Foul Ball, location: 2F
0-2: Foul Ball, location: 2F
0-2: Ground out 6-3 (Groundball, 6, EV 88.1 MPH)
Batting: RHB Ed Tinker 0-0: Ball
1-0: Swinging Strike
1-1: Ground out 6-3 (Groundball, 6, EV 107.5 MPH)
Batting: RHB Si-xun Jin 0-0: Called Strike
0-1: Ball
1-1: Ball
2-1: Ground out U3 (Groundball, 34, EV 101.9 MPH)
Bottom of the 4th over - 0 runs, 0 hits, 0 errors, 0 left on base; Billings 0 - Squirrel Hill 0
TOP OF THE 5TH
Billings Polar Bears batting - Pitching for Squirrel Hill Pierogis : RHP Jesús Bruno
Batting: SHB Roy Maynard 0-0: Called Strike
0-1: Ball
1-1: Foul Ball, location: 2F
1-2: Strikes out swinging
Batting: RHB Kelly Johnson 0-0: Called Strike
0-1: SINGLE (Groundball, 4MD, EV 102.5 MPH)
Batting: RHB Edward Johnson 0-0: Called Strike
0-1: Fielders Choice at 2nd, 4-6 (Groundball, 4, EV 105.6 MPH)
Batting: RHB Shalom Gestel 0-0: Ball
Passed Ball!
Edward Johnson to second
1-0: SINGLE (Groundball, 56D, EV 94.4 MPH)
Edward Johnson to third
Runner from 3rd tries for Home, SAFE, throw by LF to home
Batting: RHB Gary Panniers 0-0: Called Strike
0-1: SINGLE (Groundball, 34, EV 102.5 MPH)
Shalom Gestel to second
Runner from 2nd tries for 3rd, SAFE, throw by RF made to third
Batting: RHB Rupert Bethune 0-0: Ball
1-0: Foul Ball, location: 2F
1-1: Fly out, F2 (Popup, 23F, EV 79.4 MPH)
Top of the 5th over - 1 run, 3 hits, 0 errors, 2 left on base; Billings 1 - Squirrel Hill 0
BOTTOM OF THE 5TH
Squirrel Hill Pierogis batting - Pitching for Billings Polar Bears : RHP Horiuchi Tanaka
Batting: LHB Luis Escribano 0-0: Ground out 4-3 (Groundball, 4, EV 96.9 MPH)
Batting: LHB Todd Hunter 0-0: Called Strike
0-1: Fly out, F8 (Flyball, 89M, EV 88.8 MPH)
Batting: SHB Aubrey Magee 0-0: Foul Ball, location: 2F
0-1: Ball
1-1: Foul Ball, location: 2F
1-2: Ball
2-2: Ball
3-2: SINGLE (Line Drive, 3D, EV 102.5 MPH)
Batting: LHB George Runnalls 0-0: Ball
1-0: Ball
2-0: Ground out 4-3 (Groundball, 4, EV 102.5 MPH)
Bottom of the 5th over - 0 runs, 1 hit, 0 errors, 1 left on base; Billings 1 - Squirrel Hill 0
TOP OF THE 6TH
Billings Polar Bears batting - Pitching for Squirrel Hill Pierogis : RHP Jesús Bruno
Batting: RHB Jose Reginalde 0-0: Ball
1-0: Ground out 6-3 (Groundball, 6, EV 103.8 MPH)
Batting: LHB Stanley Bell 0-0: Called Strike
0-1: Foul Ball, location: 2F
0-2: Ball
1-2: Ball
2-2: Ball
3-2: SINGLE (Line Drive, 78S, EV 86.9 MPH)
Batting: RHB Pleun Vleugel 0-0: Ball
1-0: Ball
2-0: Fielders Choice at 2nd, 2-4 (Groundball, 15S, EV 67.5 MPH)
Batting: SHB Roy Maynard 0-0: Ball
1-0: Ball
2-0: Foul Ball, location: 2F
2-1: Ball
3-1: Called Strike
3-2: Base on Balls
Pleun Vleugel to second
Pitching: LHP Fernando Alou
Batting: RHB Kelly Johnson 0-0: Fielders Choice at 2nd, 5-4 (Groundball, 56, EV 96.2 MPH)
Top of the 6th over - 0 runs, 1 hit, 0 errors, 2 left on base; Billings 1 - Squirrel Hill 0
BOTTOM OF THE 6TH
Squirrel Hill Pierogis batting - Pitching for Billings Polar Bears : RHP Horiuchi Tanaka
Batting: RHB Franck Morel 0-0: Ball
1-0: Ball
2-0: Ball
3-0: Base on Balls
Batting: RHB Ryan McCarty 0-0: Reached on error, E2 (Groundball, 2L, EV 70.0 MPH)
Franck Morel to third
Batting: LHB Jang-lu Moy 0-0: Fly out, F8 (Flyball, 8LD, EV 100.0 MPH)
Runner from 3rd tags up, OUT at HOME! 8-2
Ryan McCarty to third
Batting: RHB Ed Tinker 0-0: Called Strike
0-1: Ground out 6-3 (Groundball, 6, EV 83.8 MPH)
Bottom of the 6th over - 0 runs, 0 hits, 1 error, 1 left on base; Billings 1 - Squirrel Hill 0
TOP OF THE 7TH
Billings Polar Bears batting - Pitching for Squirrel Hill Pierogis : LHP Fernando Alou
Batting: RHB Edward Johnson 0-0: Ball
1-0: Ball
2-0: Foul Ball, location: 2F
2-1: Foul Ball, location: 2F
2-2: Ball
3-2: Strikes out swinging
Batting: RHB Shalom Gestel 0-0: Ball
1-0: Ball
2-0: Foul Ball, location: 2F
2-1: Ball
3-1: Foul Ball, location: 2F
3-2: Ground out 5-3 (Groundball, 56S, EV 79.4 MPH)
Batting: RHB Gary Panniers 0-0: Called Strike
0-1: Foul Ball, location: 2F
0-2: Foul Ball, location: 2F
0-2: Ball
1-2: Ball
2-2: Foul Ball, location: 2F
2-2: Ball
3-2: Foul Ball, location: 2F
3-2: Fly out, F3 (Line Drive, 3, EV 75.6 MPH)
Top of the 7th over - 0 runs, 0 hits, 0 errors, 0 left on base; Billings 1 - Squirrel Hill 0
BOTTOM OF THE 7TH
Squirrel Hill Pierogis batting - Pitching for Billings Polar Bears : RHP Horiuchi Tanaka
Batting: RHB Si-xun Jin 0-0: Ground out 4-3 (Groundball, 4M, EV 105.0 MPH)
Batting: LHB Luis Escribano 0-0: Swinging Strike
0-1: Ground out 6-3 (Groundball, 6M, EV 97.5 MPH)
Batting: LHB Todd Hunter 0-0: Ball
1-0: Ball
2-0: Ball
3-0: Called Strike
3-1: Fly out, F7 (Flyball, 7S, EV 91.2 MPH)
Bottom of the 7th over - 0 runs, 0 hits, 0 errors, 0 left on base; Billings 1 - Squirrel Hill 0
TOP OF THE 8TH
Billings Polar Bears batting - Pitching for Squirrel Hill Pierogis : LHP Fernando Alou
Batting: RHB Rupert Bethune 0-0: Ball
1-0: Called Strike
1-1: Ball
2-1: Called Strike
2-2: Strikes out swinging
Batting: RHB Jose Reginalde 0-0: Ball
1-0: Ball
2-0: Called Strike
2-1: Swinging Strike
2-2: Strikes out looking
Batting: LHB Stanley Bell 0-0: Ball
1-0: Ball
2-0: Foul Ball, location: 2F
2-1: Ball
3-1: Base on Balls
Batting: RHB Pleun Vleugel 0-0: Called Strike
0-1: SINGLE (Groundball, 56D, EV 101.9 MPH)
Stanley Bell to second
Batting: SHB Roy Maynard 0-0: SINGLE (Groundball, 34D, EV 95.6 MPH)
Stanley Bell to third
Pleun Vleugel to second
Runner from 3rd tries for Home, SAFE, throw by RF to home
Pitching: RHP Freddy León
Batting: RHB Kelly Johnson 0-0: Foul Ball, location: 2F
0-1: Ball
Wild Pitch!
Pleun Vleugel to third
Roy Maynard to second
1-1: Swinging Strike
1-2: Foul Ball, location: 2F
1-2: Foul Ball, location: 2F
1-2: Ball
2-2: Ball
3-2: Base on Balls
Batting: RHB Edward Johnson 0-0: Foul Ball, location: 2F
0-1: Ground out 2-3 (Groundball, 13S, EV 73.8 MPH)
Top of the 8th over - 1 run, 2 hits, 0 errors, 3 left on base; Billings 2 - Squirrel Hill 0
BOTTOM OF THE 8TH
Squirrel Hill Pierogis batting - Pitching for Billings Polar Bears : RHP Horiuchi Tanaka
Pitching: RHP António Gallegos
Now at SS: Danny Hensley
Batting: SHB Aubrey Magee 0-0: Called Strike
0-1: Ball
1-1: Foul Ball, location: 2F
1-2: Fly out, F1 (Line Drive, P, EV 65.0 MPH)
Batting: LHB George Runnalls 0-0: Called Strike
0-1: Ball
1-1: Ground out 5-3 (Groundball, 56, EV 85.0 MPH)
Batting: RHB Franck Morel 0-0: Called Strike
0-1: Ball
1-1: Fly out, F4 (Popup, 34D, EV 71.2 MPH)
Bottom of the 8th over - 0 runs, 0 hits, 0 errors, 0 left on base; Billings 2 - Squirrel Hill 0
TOP OF THE 9TH
Billings Polar Bears batting - Pitching for Squirrel Hill Pierogis : RHP Freddy León
Pitching: RHP Mike Davidson
Batting: RHB Shalom Gestel 0-0: Called Strike
0-1: Ball
1-1: Foul Ball, location: 2F
1-2: SOLO HOME RUN (Flyball, 7D, EV 99.4 MPH), Distance : 387 ft
Batting: RHB Gary Panniers 0-0: Ball
1-0: Called Strike
1-1: Ball
2-1: Ball
3-1: Ground out 3-1 (Groundball, 34, EV 90.0 MPH)
Batting: RHB Danny Hensley 0-0: Ball
1-0: SINGLE (Line Drive, 89S, EV 96.9 MPH)
Batting: RHB Jose Reginalde 0-0: Foul Ball, location: 2F
0-1: Ball
1-1: Ball
2-1: Swinging Strike
2-2: Fly out, F7 (Flyball, 7LS, EV 80.6 MPH)
Batting: LHB Stanley Bell 0-0: Called Strike
Danny Hensley steals 2nd base
0-1: Ball
1-1: Foul Ball, location: 2F
1-2: Ball
2-2: Foul Ball, location: 2F
2-2: Fly out, F8 (Line Drive, 8RD, EV 92.5 MPH)
Top of the 9th over - 1 run, 2 hits, 0 errors, 1 left on base; Billings 3 - Squirrel Hill 0
BOTTOM OF THE 9TH
Squirrel Hill Pierogis batting - Pitching for Billings Polar Bears : RHP António Gallegos
Pitching: RHP Howard Gross
Batting: RHB Ryan McCarty 0-0: Ball
1-0: Called Strike
1-1: Foul Ball, location: 2F
1-2: Ball
2-2: Ball
3-2: Foul Ball, location: 2F
3-2: Base on Balls
Batting: LHB Jang-lu Moy 0-0: Called Strike
0-1: Fly out, F6 (Popup, P, EV 89.4 MPH)
Batting: RHB Ed Tinker 0-0: Fly out, F8 (Flyball, 8RD, EV 88.8 MPH)
Batting: RHB Si-xun Jin 0-0: Called Strike
0-1: Ball
1-1: Ball
2-1: DOUBLE (Line Drive, 78XD, EV 103.1 MPH)
Ryan McCarty to third
Batting: LHB Luis Escribano 0-0: Ball
1-0: Ball
2-0: Foul Ball, location: 2F
2-1: Ground out 4-3 (Groundball, 4, EV 95.0 MPH)
Bottom of the 9th over - 0 runs, 1 hit, 0 errors, 2 left on base; Billings 3 - Squirrel Hill 0
Friday, March 26th, 2021 - OOTP Baseball 20.8 Build 74